 Dungeon Crawl Stone Soup version 0.24.0-125-gc4c63601f3 (console) character file.

Game seed: 10630877879288444130, levelgen mode: deterministic

913 Kagalorn the Grappler (level 7, 0/57 HPs)
             Began as a Minotaur Monk on Mar 5, 2020.
             Slain by a troll (1 damage)
             ... on level 6 of the Dungeon.
             The game lasted 00:10:24 (3952 turns).

Kagalorn the Grappler (Minotaur Monk)               Turns: 3952, Time: 00:10:24

Health: 0/57       AC:  7    Str: 18    XL:     7   Next: 82%
Magic:  6/6        EV: 11    Int:  7    God:
Gold:   231        SH:  0    Dex: 12    Spells: 6/6 levels left

rFire    . . .     SeeInvis .     - Unarmed
rCold    . . .     Gourm    .   (no shield)
rNeg     . . .     Faith    .   r - +1 scale mail {rPois}
rPois    +         Spirit   .   (helmet restricted)
rElec    .         Reflect  .   (no cloak)
rCorr    .         Harm     .   (no gloves)
MR       .....                  (no boots)
Stlth    ..........             (no amulet)
HPRegen  0.19/turn              (no ring)
MPRegen  0.10/turn              (no ring)

@: no status effects
A: retaliatory headbutt, horns 2
a: no special abilities


You were on level 6 of the Dungeon.
You were hungry.

You visited 2 branches of the dungeon, and saw 7 of its levels.

You collected 231 gold pieces.

Inventory:

Missiles
 n - 22 poisoned darts (quivered)
Armour
 r - a +1 scale mail of poison resistance (worn)
Jewellery
 c - an uncursed ring of wizardry {unknown}
 g - an uncursed amulet of faith
 h - an uncursed ring of flight {unknown}
 j - a +3 ring of strength {unknown}
 m - a +4 ring of dexterity {unknown}
 y - an uncursed amulet of the acrobat
Wands
 w - a wand of enslavement (6)
Scrolls
 f - 7 scrolls of identify
 i - a scroll of teleportation {unknown}
 k - 2 scrolls of fog {unknown}
 l - 2 scrolls of immolation {unknown}
 q - 2 scrolls of remove curse {unknown}
 s - 2 scrolls of enchant armour {unknown}
 u - a scroll of amnesia {unknown}
 A - a scroll of magic mapping {unknown}
Potions
 a - 2 potions of brilliance {unknown}
 d - a potion of haste {unknown}
 e - 3 potions of might {unknown}
 o - 3 potions of curing {unknown}
 p - a potion of heal wounds {unknown}
 t - a potion of degeneration {unknown}
 v - a potion of cancellation {unknown}
 x - a potion of mutation {unknown}
 z - a potion of ambrosia {unknown}
Comestibles
 b - 5 rations


   Skills:
 - Level 3.6 Fighting
 - Level 3.2 Dodging
 - Level 1.5 Stealth
 * Level 10.3 Unarmed Combat


You had 6 spell levels left.
You didn't know any spells.
Your spell library was empty.

Dungeon Overview and Level Annotations

Branches:
Dungeon (6/15)             Temple (1/1) D:5

Altars:
Ashenzari
Elyvilon
Fedhas
Hepliaklqana
Kikubaaqudgha
Makhleb
Nemelex Xobeh
Qazlal
Ru
Sif Muna
Vehumet
Wu Jian
Xom
Yredelemnul
The Shining One

Shops:
D:4 (   D:6 (


Innate Abilities, Weirdness & Mutations

You reflexively headbutt those who attack you in melee.
You have a pair of horns on your head.


Message History

You punch the troll!
The troll is moderately wounded.
The troll bites you. The troll misses you.
The troll claws you but does no damage.
You hit the troll but do no damage. Your headbutt misses the troll.
The troll is moderately wounded.
The troll barely misses you. You furiously retaliate!
You headbutt the troll. The troll claws you! The troll claws you.
You hit the troll but do no damage. Your punch misses the troll.
The troll is moderately wounded.
The troll bites you. The troll barely misses you. The troll claws you!
* * * LOW HITPOINT WARNING * * *
You punch the troll!
The troll is heavily wounded.
You hit the troll.
The troll is severely wounded.
The troll bites you!
* * * LOW HITPOINT WARNING * * *
The troll claws you.
You die...

##..........## .#
.............##(##..###
..##............(.....#
.#..............(.....#.
###.............(.......
##.....................
##..........##..a.....##
#........###....T......#
.........#∩#....@.....#
.....##..#'#..........#
#.########............#
#.# ####.........# ###
###....#..# #...##.##
##...# # ###....##
#.<.....#


You could see a troll and a worker ant.

Vanquished Creatures
  A phantom (D:6)
  2 scorpions
  A crimson imp (D:6)
  A hound (D:5)
  An orc priest (D:5)
  A bullfrog skeleton (D:5)
  A centaur skeleton (D:6)
  8 orc wizards
  Jessica (D:3)
  3 iguanas
  4 worker ants
  6 adders
  An adder skeleton (D:4)
  3 worms (D:3)
  5 leopard geckos
  14 orcs
  7 bats
  4 giant cockroaches
  8 goblins
  7 hobgoblins
  4 jackals (D:1)
  6 kobolds (D:1)
  2 quokkas
  2 ball pythons
  A frilled lizard (D:2)
  12 rats
106 creatures vanquished.

Notes
Turn   | Place    | Note
-------+----------+-------------------------------------------
     0 | D:1      | Kagalorn the Minotaur Monk began the quest for the Orb.
     0 | D:1      | Reached XP level 1. HP: 19/19 MP: 0/0
    75 | D:1      | Reached skill level 4 in Unarmed Combat
    75 | D:1      | Reached XP level 2. HP: 26/26 MP: 1/1
   565 | D:1      | Reached XP level 3. HP: 24/31 MP: 2/2
   974 | D:2      | Reached skill level 5 in Unarmed Combat
  1062 | D:2      | Found a faded altar of an unknown god.
  1079 | D:2      | Found a sacrificial altar of Ru.
  1137 | D:2      | Found a shimmering blue altar of Sif Muna.
  1575 | D:3      | Reached XP level 4. HP: 36/39 MP: 3/3
  1685 | D:3      | Found a blossoming altar of Fedhas.
  1704 | D:3      | Noticed Jessica
  1737 | D:3      | Killed Jessica
  1737 | D:3      | Reached skill level 6 in Unarmed Combat
  1898 | D:3      | Found a sparkling altar of Nemelex Xobeh.
  1911 | D:3      | Reached XP level 5. HP: 45/45 MP: 4/4
  1999 | D:3      | Found a basalt altar of Yredelemnul.
  1999 | D:3      | Found a blossoming altar of Fedhas.
  2179 | D:4      | Found Maegiemn's Antique Weapon Shop.
  2571 | D:4      | Reached skill level 7 in Unarmed Combat
  2771 | D:4      | Reached XP level 6. HP: 51/51 MP: 5/5
  2903 | D:4      | Reached skill level 8 in Unarmed Combat
  3021 | D:5      | Entered Level 5 of the Dungeon
  3076 | D:5      | Found a staircase to the Ecumenical Temple.
  3082 | Temple   | Entered the Ecumenical Temple
  3229 | D:5      | Found a shattered altar of Ashenzari.
  3516 | D:5      | Reached XP level 7. HP: 57/57 MP: 6/6
  3532 | D:5      | Reached skill level 9 in Unarmed Combat
  3701 | D:6      | Noticed a troll
  3890 | D:6      | Reached skill level 10 in Unarmed Combat
  3905 | D:6      | Found Piuq Wug's Antique Weapon Boutique.
  3952 | D:6      | HP: 1/57 [troll (16)]
  3952 | D:6      | Slain by a troll

Levels and vault maps discovered:
D:1:      elethiomel_arrival_shortcut, layout_basic
D:2:      layout_rooms, lemuel_doored_altar, lemuel_crystal_altar,
          chequers_ecumenical_altar_lobes
D:3:      layout_rooms, nicolae_overflow_hidden_temple,
          gammafunk_temple_overflow_wave, first_ration, fedhas_ov_isle_minmay,
          uniq_jessica
D:4:      layout_rooms, serial_shops, shop
D:5:      layout_basic, ashenzari_altar_1, temple_doors_e
D:6:      layout_cave_pools, marbit_many_paths, serial_shops,
          nicolae_shop_window_shopping, dk_xom_monty_hall
Temple:   nicolae_temple_figure_zero

Skill      XL: |  1  2  3  4  5  6  7 |
---------------+----------------------+-----
Unarmed Combat | 4 5 6 7 8 10 | 10.3
Fighting       | |  3.6
Dodging        | |  3.2
Stealth        | |  1.5

Action                   |  1- 3 |  4- 6 |  7- 9 || total
-------------------------+-------+-------+-------++-------
Melee: Unarmed           |   103 |   135 |    64 ||   302
       Headbutt          |    15 |    29 |    12 ||    56
       Punch             |       |     1 |     2 ||     3
Throw: Dart              |       |    33 |     6 ||    39
  Use: Scroll            |       |     2 |       ||     2
 Stab: Sleeping          |     4 |       |       ||     4
  Eat: Chunk             |     2 |     6 |     1 ||     9
Armor: Robe              |     5 |       |       ||     5
       Chain mail        |    32 |    19 |       ||    51
       Scale mail        |       |    36 |    20 ||    56
Dodge: Dodged            |    34 |    43 |    30 ||   107
